 Dungeon Crawl Stone Soup version 0.32-a0-558-g233958a4c4 (webtiles) character file.

Game seed: 16426110148522648080

15 whatisthis the Ruffian (level 2, -2/25 HPs)
             Began as a Ghoul Gladiator on Feb 29, 2024.
             Slain by a gnoll
             ... wielding a +0 whip
              (8 damage)
             ... on level 1 of the Dungeon.
             The game lasted 00:00:47 (260 turns).

whatisthis the Ruffian (Ghoul Gladiator)             Turns: 260, Time: 00:00:48

Health: -2/25      AC:  4    Str: 17    XL:     2   Next: 50%
Magic:  2/2        EV: 12    Int:  7    God:
Gold:   5          SH:  0    Dex: 10    Spells: 1/1 levels left

rFire   . .          .
                       - Unarmed
rCold   + . .        (no shield)
rNeg    + + +        a - +0 leather armour
rPois   ∞            b - +0 helmet
rElec   .            (no cloak)
rCorr   .            (no gloves)
SInv    .            (no boots)
Will    .....        (no amulet)
Stlth   +            (no ring)
HPRegen 0.00/turn    (no ring)
MPRegen 0.08/turn

%: no passive effects
@: inhibited regen
A: claws 1, cold resistance 1, negative energy resistance 3, inhibited
regeneration, torment resistance 2, devour on kill
a: no special abilities


You were on level 1 of the Dungeon.
You visited 1 branch of the dungeon, and saw 1 of its levels.

You collected 5 gold pieces.

Inventory:

Missiles
 c - a throwing net (quivered)
 d - a javelin
Armour
 a - a +0 leather armour (worn)
 b - a +0 helmet (worn)
Scrolls
 e - a scroll of identify {unknown}
 f - a scroll of blinking {unknown}
 g - a scroll of revelation {unknown}


   Skills:
 + Level 2.8 Fighting
 - Level 1.7 Throwing
 - Level 2.6 Dodging
 + Level 3.7 Unarmed Combat


You had one spell level left.
You didn't know any spells.
Your spell library was empty.

Dungeon Overview and Level Annotations

Branches:
Dungeon (1/15)

Altars:


Innate Abilities, Weirdness & Mutations

You are immune to poison.
You have sharp fingernails.
Your flesh is cold resistant. (rC+)
You are immune to negative energy. (rN+++)
You do not regenerate when monsters are visible.
You are immune to unholy pain and torment.
You thrive by killing the living.


Message History

Found a leather armour.
You see here a +0 leather armour.
A bat comes into view.
Found 6 large rocks.
The bat hits you but does no damage.
You scratch the bat.
You kill the bat!
You see here a bat corpse.
Found 10 gold pieces.
A gnoll comes into view. It is wielding a +0 whip.
The gnoll shouts!
You see here a ruby potion.
A ball python comes into view.
The ball python hisses angrily.
A quokka comes into view.
The gnoll attacks as it pursues you! The gnoll misses you.
The gnoll hits you with a +0 whip.
You see here a bat corpse.
The gnoll attacks as it pursues you! The gnoll hits you with a +0 whip.
The gnoll attacks as it pursues you! The gnoll hits you with a +0 whip.
You closely miss the gnoll. You closely miss the gnoll.
The gnoll hits you with a +0 whip.
* * * LOW HITPOINT WARNING * * *
Throw: 3 throwing nets
Press: ? - help, Q - select action, (/) - cycle Shift-Dir - straight line, f - gnoll
Aim: a gnoll, wielding a +0 whip (56% to hit)
You throw a throwing net.
The throwing net barely misses the gnoll.
The throwing net hits the ball python.
The ball python is caught in the net!
The gnoll barely misses you.
The ball python struggles against the net.
Throw: 2 throwing nets
Press: ? - help, Q - select action, (/) - cycle Shift-Dir - straight line, f/p - gnoll
Aim: a gnoll, wielding a +0 whip (56% to hit)
You throw a throwing net.
The throwing net barely misses the gnoll.
The throwing net hits the ball python.
The ball python struggles against the net.
The gnoll hits you with a +0 whip!
You die...

#.# #. #.### #. #...#
#.# ###.# .. #.# #. #.#
##.## #.# ##.(.#########
#. #.# #....!.rSg@..#
#.##.# #.......####.#
#.##.# #.#......# #.#
#.##.# .........$..#.#
#.##.#
..............#.###.##.#
...#.#........#.##...#.#
.....##...r.#.#........#
#.## #....##.####...###
#. #...## .# ##.##


You could see a gnoll, a quokka and a ball python (caught).

Vanquished Creatures
  A dart slug (D:1)
  A bat (D:1)
  2 endoplasms (D:1)
  A giant cockroach (D:1)
  A goblin (D:1)
  A hobgoblin (D:1)
  A quokka (D:1)
  2 frilled lizards (D:1)
  A kobold (D:1)
  A rat (D:1)
12 creatures vanquished.

Notes
Turn   | Place    | Note
-------+----------+-------------------------------------------
     0 | D:1      | whatisthis the Ghoul Gladiator began the quest for the Orb.
     0 | D:1      | Reached XP level 1. HP: 17/17 MP: 1/1
    70 | D:1      | Reached XP level 2. HP: 25/25 MP: 2/2
   260 | D:1      | Slain by a gnoll

Illustrated notes

Levels and vault maps discovered:
D:1:      onia_arrival_mini_spirals, layout_loops_ring,
          shapermc_ecumenical_altar_totnotflames

Action                     || total
---------------------------++-------
  Melee: Unarmed           ||    27
         Punch             ||     1
  Throw: Throwing net      ||     2
 Armour: Leather armour    ||    13
  Dodge: Dodged            ||    12

Table legend: (Time is in decaauts)
 A = Elapsed time spent in this place.
 B = Non-inter-level travel time spent in this place.
 C = Inter-level travel time spent in this place.
 D = Time resting spent in this place.
 E = Time spent auto-exploring this place.
 F = Levels seen in this place.
 G = Mean time per level.
                   A        B        C        D        E       F      G
               +--------+--------+--------+--------+--------+-----+--------+
         Total |    257 |    257 |      0 |      0 |    174 |   1 |  257.0 |
       Dungeon |    257 |    257 |      0 |      0 |    174 |   1 |  257.0 |
               +--------+--------+--------+--------+--------+-----+--------+

Top non-repeatable levels by time:
     D:1: 257 daAuts
